 Dungeon Crawl Stone Soup version 0.31-a0-1352-gc98d92de7d (webtiles) character file.

Game seed: 5609958445146009283

24 mopl the Ruffian (level 3, -1/16 HPs)
             Began as a Djinni Shapeshifter on Dec 22, 2023.
             Slain by a gnoll
             ... wielding a +0 spear
              (6 damage)
             ... on level 1 of the Dungeon.
             The game lasted 00:00:56 (563 turns).

mopl the Ruffian (Djinni Shapeshifter)               Turns: 563, Time: 00:00:57

Health: -1/16      AC:  0    Str: 15    XL:     3   Next: 15%
Gold:   87         EV: 16    Int: 11    God:
                   SH:  0    Dex: 12

rFire   + +          .
                       - Unarmed
rCold   x . .        (shield currently unavailable)
rNeg    . . .        a - melded +0 animal skin
rPois   ∞            (no helmet)
rElec   .            (no cloak)
rCorr   .            (no gloves)
SInv    .            (boots unavailable)
Will    .....        (no amulet)
Stlth   +            (no ring)
HPRegen 0.22/turn    (no ring)
MPRegen 0.00/turn

%: infuse magic (-2 HP)
@: flux-form, flying, glowing
A: glow, contaminating, flying, reduced hp, sickness immunity, fire resistance
2, cold vulnerability 1, float, innate caster, HP casting, extra vitality 1
a: Begin Untransformation


You were on level 1 of the Dungeon.
You were something dangerously unstable.
You visited 1 branch of the dungeon, and saw 1 of its levels.

You collected 87 gold pieces.

Inventory:

Missiles
 f - 5 javelins
Armour
 a - a +0 animal skin (melded)
Talismans
 c - a beast talisman
 d - a flux talisman (active)
Scrolls
 e - a scroll of revelation {unknown}
 i - a scroll of identify {unknown}
Potions
 b - a potion of lignification {!q}
 g - a potion of brilliance {unknown}
 h - 3 potions of enlightenment {unknown}


   Skills:
 + Level 1.4 Fighting
 - Level 2.1 Dodging
 * Level 3.4 Unarmed Combat
 * Level 3.0 Shapeshifting


You knew the following spells:

 Your Spells              Type           Power      Damage    Failure   Level
a - Slow                  Hex            0%         N/A       34%         1
Your spell library was empty.

Dungeon Overview and Level Annotations

Branches:
Dungeon (1/15)

Altars:


Innate Abilities, Weirdness & Mutations

You are something dangerously unstable.
You glow with magical radiation, making you easy to see and hit.
Foes you strike become dangerously contaminated with magical radiation.
You are flying.
Your maximum health is decreased, since you lack skill for your form.
You are incapable of wielding weapons or throwing items.
You are immune to sickness and miasma.
You are immune to poison.
Your flesh is very heat resistant. (rF++)
You are vulnerable to cold. (rC-)
You float through the air rather than walking.
You learn spells naturally, not from books.
Your magical power is your life essence.
You have superior vitality. (+4 MHP)


Message History

The gnoll attacks as it pursues you! The gnoll closely misses you.
The gnoll attacks as it pursues you!
The gnoll hits you from afar with a +0 spear.
The gnoll attacks as it pursues you!
The gnoll hits you from afar with a +0 spear.
The gnoll attacks as it pursues you! The gnoll barely misses you.
The gnoll attacks as it pursues you! The gnoll barely misses you.
The gnoll attacks as it pursues you! The gnoll misses you.
There are monsters nearby!
The gnoll hits you from afar with a +0 spear!
* * * LOW HITPOINT WARNING * * *
You begin transforming.
You continue transforming.
The gnoll closely misses you.
You continue transforming.
The gnoll hits you from afar with a +0 spear.
* * * LOW HITPOINT WARNING * * *
You continue transforming.
The gnoll closely misses you.
Your transformation has ended.
You turn into something dangerously unstable.
Your +0 animal skin melds into your body.
The gnoll barely misses you. The gnoll barely misses you.
You hit the gnoll but do no damage.
The gnoll begins to glow.
The gnoll barely misses you.
You hit the gnoll.
The gnoll glows dangerously bright.
The gnoll is moderately wounded.
The gnoll closely misses you.
You hit the gnoll.
The gnoll shudders as magic cascades through it.
The gnoll twists and deforms.
The gnoll is severely wounded.
The gnoll misses you.
You hit the gnoll.
The gnoll begins to glow.
The gnoll is almost dead.
The gnoll closely misses you.
You barely miss the gnoll.
The gnoll is almost dead.
The gnoll hits you with a +0 spear.
You die...

## #.# # #.# # # #.# ##
.# #.#### ##. ..#
###....# ##.. ...#
##.#..#.# ##...
....####...#...#######...
#....
..).'.........ggp........
+....
...$####...##)########...
#.... ...# ##.###.# ##...
..# ### #.# ##.. .# #.#
##. # ##.# ## # #..# #
######### #.## #
#.......# #.# ##


You could see a gnoll (contam, misshapen) and a goblin.

Vanquished Creatures
  2 endoplasms (D:1)
  A giant cockroach (D:1)
  A goblin (D:1)
  5 kobolds (D:1)
  3 ball pythons (D:1)
  4 bats (D:1)
  3 frilled lizards (D:1)
  8 rats (D:1)
27 creatures vanquished.

Notes
Turn   | Place    | Note
-------+----------+-------------------------------------------
     0 | D:1      | mopl the Djinni Shapeshifter began the quest for the Orb.
     0 | D:1      | Reached XP level 1. HP: 17/17 MP: 0/0
    70 | D:1      | Reached XP level 2. HP: 19/22 MP: 0/0
   263 | D:1      | Reached skill level 3 in Shapeshifting
   418 | D:1      | Reached XP level 3. HP: 27/27 MP: 0/0
   418 | D:1      | Learned a level 1 spell: Slow
   563 | D:1      | Slain by a gnoll

Illustrated notes

Levels and vault maps discovered:
D:1:      eino_arrival_tree_alley, layout_loops_corners,
          shapermc_ecumenical_altar_rom_forum, hangedman_decor_growths

Skill      XL: |  1  2 |
---------------+-------+-----
Shapeshifting  | 3 |  3.0
Fighting       | |  1.4
Dodging        | |  2.1
Unarmed Combat | |  3.4

Action                     || total
---------------------------++-------
  Melee: Unarmed           ||    79
 Armour: Animal skin       ||    30
         Skin              ||     1
  Dodge: Dodged            ||    56
   Form: Flux              ||     1

Table legend: (Time is in decaauts)
 A = Elapsed time spent in this place.
 B = Non-inter-level travel time spent in this place.
 C = Inter-level travel time spent in this place.
 D = Time resting spent in this place.
 E = Time spent auto-exploring this place.
 F = Levels seen in this place.
 G = Mean time per level.
                   A        B        C        D        E       F      G
               +--------+--------+--------+--------+--------+-----+--------+
         Total |    558 |    558 |      0 |      0 |    382 |   1 |  558.0 |
       Dungeon |    558 |    558 |      0 |      0 |    382 |   1 |  558.0 |
               +--------+--------+--------+--------+--------+-----+--------+

Top non-repeatable levels by time:
     D:1: 558 daAuts
